AoeStats
← [CL] Al3jandr0.magn00

MegaRandom

506229338Analyzed
1v1 RM · 19d ago on Sep 12, 2026· 36m 52s· 2 players
Game mode
Random Map
Map size
Tiny (2 player)
Population
200
Speed
Normal
Resources
Standard
Victory
Conquest
Starting age
Dark Age
Ending age
Imperial Age
RankedLock teamsTeams togetherTeam positionsShared explorationLock speedFull tech treeHidden civsTurbo modeCheats
Victory
Defeat
🇪🇸 Malians · Spain
1723
+20
🇦🇷 Italians · Argentina
1820
-20
jaumecr25
4:56 Loom
11:28 Feudal Age
21:56 Castle Age
21:41 Double-Bit Axe
22:18 Horse Collar
32:40 Fletching
35:01 Bow Saw
34:52 Heavy Plow
35:09 Arson
[CL] Al3jandr0.magn00
4:47 Loom
11:27 Feudal Age
16:37 Double-Bit Axe
27:10 Castle Age
27:03 Fletching
33:17 Bodkin Arrow
Connection lost

Rejoining the realm…

Still unreachable

The connection could not be restored.

Session expired

The server has moved on; the page needs a fresh start.